 Dungeon Crawl Stone Soup version 0.31.0-9-g3a7656b989 (webtiles) character file.

Game seed: 14614318499060017610

464 qw the Skirmisher (level 6, 0/35 HPs)
             Began as a Deep Elf Hunter on Feb 2, 2024.
             Was an Initiate of Okawaru.
             Slain by a gnoll sergeant
             ... wielding a +4 trident of freezing
              (7 damage)
             ... on level 3 of the Dungeon.
             The game lasted 00:00:19 (2201 turns).

qw the Skirmisher (Deep Elf Hunter)                 Turns: 2201, Time: 00:00:20

Health: 0/35       AC:  5    Str: 10    XL:     6   Next: 80%
Magic:  8/8        EV: 14    Int: 14    God:    Okawaru [......]
Gold:   138        SH:  0    Dex: 24    Spells: 5/5 levels left

rFire   . . .        a - +1 shortbow
rCold   . . .        (shield currently unavailable)
rNeg    . . .        c - +0 leather armour
rPois   .            (no helmet)
rElec   .            (no cloak)
rCorr   .            j - +1 pair of gloves
SInv    .            (no boots)
Will    .....        (no amulet)
Stlth   ++           d - +6 ring of dexterity
HPRegen 0.25/turn    (no ring)
MPRegen 0.11/turn

%: no passive effects
@: no status effects
A: no striking features
a: Renounce Religion


You were on level 3 of the Dungeon.
You worshipped Okawaru.
Okawaru was noncommittal.
You visited 1 branch of the dungeon, and saw 3 of its levels.

You collected 138 gold pieces.


   Skills:
 - Level 2.0 Fighting
 + Level 10.0 Ranged Weapons
 - Level 4.0 Dodging
 - Level 1.2 Stealth


You had 5 spell levels left.
You didn't know any spells.
Your spell library was empty.

Inventory:

Hand Weapons
 a - a +1 shortbow (weapon)
Armour
 c - a +0 leather armour (worn)
 j - a +1 pair of gloves (worn)
Jewellery
 d - a +6 ring of dexterity (left hand)
Scrolls
 b - 3 scrolls of identify
Potions
 k - a potion of curing
 m - a potion of brilliance {unknown}

Dungeon Overview and Level Annotations

Branches:
Dungeon (3/15)

Altars:
Okawaru

Annotations:
D:2 Natasha
D:3 exclusion: howler monkey


Message History

The hound closely misses you.
Enter note:
Enter note:
Enter note:
Enter note:
2191 ||| RETREEEEATING.
The hound attacks as it pursues you! The hound bites you.
You shoot an arrow. The arrow hits the hound!
The hound is heavily wounded.
The hound bites you. The hound misses you. The hound barely misses you.
You shoot an arrow. The arrow hits the hound!
The hound is almost dead.
The hound bites you. The hound misses you.
You shoot an arrow. The arrow hits the hound!
You kill the hound!
Okawaru accepts your kill. The hound bites you.
You shoot an arrow. The arrow hits the hound!
The hound is severely wounded.
The hound bites you. x2
You shoot an arrow. The arrow closely misses the hound.
The hound barely misses you.
You shoot an arrow. The arrow hits the hound.
The hound is almost dead.
The hound closely misses you. x2
You shoot an arrow. The arrow completely misses the hound.
The hound barely misses you.
You shoot an arrow. The arrow hits the hound.
You kill the hound!
Okawaru accepts your kill.
The gnoll sergeant hits you from afar with a +4 trident of freezing!
The gnoll sergeant freezes you.
Your Ranged Weapons skill increases to level 10!
You shoot an arrow. The gnoll sergeant blocks the arrow.
The gnoll sergeant hits you from afar with a +4 trident of freezing!
The gnoll sergeant freezes you.
You shoot an arrow.
The arrow completely misses the gnoll sergeant.
The gnoll sergeant hits you from afar with a +4 trident of freezing!
You die...

~~....~~~~~~g~~~~~~~~~~~~....#
~~....~~~~~~~~~~~~~~~~~~~...P#
..........%.....)............#
.................>.[##########
###############.#..##
#.............#....#
#.............###g.#
..............###%.#
(######.......'.@%.#
....###.......###..#
...............##..#
..#............##.##
.<.............##.#
###.#######....##.#
..#.......##.#.##.#
..####..#.##...##.#
..####..#....##


You could see a gnoll sergeant.

Vanquished Creatures
  Sigmund (D:2)
  2 howler monkeys (D:3)
  2 hounds (D:3)
  Jessica (D:2)
  Natasha (D:2)
  4 gnolls (D:3)
  2 adders
  2 ribbon worms (D:2)
  A dart slug (D:2)
  5 orcs (D:3)
  A bat (D:3)
  3 endoplasms (D:2)
  3 giant cockroaches (D:1)
  8 goblins
  3 hobgoblins
  9 jackals
  3 quokkas
  2 ball pythons
  2 frilled lizards
  6 kobolds
  4 rats
65 creatures vanquished.

Notes
Turn   | Place    | Note
-------+----------+-------------------------------------------
     0 | D:1      | qw the Deep Elf Hunter began the quest for the Orb.
     0 | D:1      | Reached XP level 1. HP: 12/12 MP: 3/3
     0 | D:1      | 0 ||| qw: Version: 0.3-a-155-g5e7d8dd
     0 | D:1      | 0 ||| qw: Game counter: 791
     0 | D:1      | 0 ||| qw: Melee chars always use a shield: true
     0 | D:1      | 0 ||| qw: God list: Okawaru
     0 | D:1      | 0 ||| qw: Allow faded altars: false
     0 | D:1      | 0 ||| qw: Do Orc after clearing Dungeon:15 true
     0 | D:1      | 0 ||| qw: Do second Lair branch before Depths: true
     0 | D:1      | 0 ||| qw: Lair rune preference: random
     0 | D:1      | 0 ||| qw: Goals: Normal
     0 | D:1      | 0 ||| PLANNING D:1-11
   316 | D:1      | HP: 3/12 [quokka (3)]
   319 | D:1      | HP: 1/12 [quokka (2)]
   321 | D:1      | Reached XP level 2. HP: 1/16 MP: 4/4
   393 | D:1      | Reached skill level 6 in Ranged Weapons
   713 | D:1      | 713 ||| UPGRADING to +0 pair of gloves.
   718 | D:1      | 718 ||| UPGRADING to +6 ring of dexterity.
   719 | D:1      | 719 ||| READING 2 scrolls labelled ISUYRGHOCVEWIZ.
   719 | D:1      | 719 ||| IDENTIFYING black potion
   720 | D:1      | 720 ||| READING scroll of identify.
   720 | D:1      | 720 ||| IDENTIFYING scroll labelled WOUSIA WOXIH
   721 | D:1      | 721 ||| READING scroll labelled XIB DOYTRO.
   722 | D:1      | 722 ||| READING scroll labelled PUTEERO DUPEOPT.
   722 | D:1      | 722 ||| ENCHANTING +0 pair of gloves.
   723 | D:1      | 723 ||| DROPPING scroll of butterflies.
   724 | D:1      | 724 ||| DROPPING potion of invisibility.
   804 | D:2      | Noticed Sigmund
   807 | D:2      | 807 ||| FLEEEEING.
   817 | D:2      | HP: 2/16 [Sigmund/+0 scythe (7)]
   818 | D:2      | 818 ||| READING scroll of teleportation.
   819 | D:2      | Killed Sigmund
   820 | D:2      | Reached skill level 8 in Ranged Weapons
   820 | D:2      | Reached XP level 3. HP: 3/20 MP: 5/5
   820 | D:2      | Reached XP level 4. HP: 4/25 MP: 6/6
   820 | D:2      | Reached XP level 5. HP: 5/29 MP: 7/7
  1032 | D:2      | Noticed Jessica
  1035 | D:2      | Killed Jessica
  1036 | D:2      | Reached skill level 3 in Dodging
  1484 | D:2      | Noticed Natasha
  1487 | D:2      | Killed Natasha
  1488 | D:2      | Reached skill level 9 in Ranged Weapons
  1551 | D:2      | Noticed Natasha
  1641 | D:2      | 1641 ||| DROPPING ring of flight.
  1642 | D:2      | 1642 ||| READING 2 scrolls of identify.
  1642 | D:2      | 1642 ||| IDENTIFYING grey potion
  1643 | D:2      | 1643 ||| READING scroll of identify.
  1643 | D:2      | 1643 ||| IDENTIFYING glowing purple potion
  1644 | D:2      | 1644 ||| READING scroll labelled EHUSAC GUOFFAPP.
  1645 | D:2      | 1645 ||| READING scroll labelled XOCKIF ZERYCS.
  1646 | D:2      | 1646 ||| READING scroll labelled MUROME ELUV.
  1646 | D:2      | 1646 ||| ENCHANTING +0 shortbow.
  1647 | D:2      | 1647 ||| READING scroll labelled QEANOXZARR.
  1748 | D:2      | 1748 ||| DROPPING potion of degeneration.
  1812 | D:3      | Found an iron altar of Okawaru.
  1813 | D:3      | 1813 ||| PLANNING OKAWARU WORSHIP
  1838 | D:3      | Became a worshipper of Warmaster Okawaru
  1839 | D:3      | 1839 ||| PLANNING D:1-11
  1885 | D:3      | Reached XP level 6. HP: 35/35 MP: 8/8
  1955 | D:3      | Identified the +5 quarterstaff of the Many Hosts {drain,
                  | Fly rC- Str+8}
  1957 | D:3      | Found a faded altar of an unknown god.
  2174 | D:3      | 2174 ||| RETREEEEATING.
  2175 | D:3      | 2175 ||| RETREEEEATING.
  2176 | D:3      | 2176 ||| RETREEEEATING.
  2177 | D:3      | 2177 ||| RETREEEEATING.
  2179 | D:3      | 2179 ||| RETREEEEATING.
  2180 | D:3      | 2180 ||| RETREEEEATING.
  2181 | D:3      | 2181 ||| RETREEEEATING.
  2182 | D:3      | 2182 ||| RETREEEEATING.
  2183 | D:3      | 2183 ||| RETREEEEATING.
  2184 | D:3      | 2184 ||| RETREEEEATING.
  2185 | D:3      | 2185 ||| RETREEEEATING.
  2186 | D:3      | 2186 ||| RETREEEEATING.
  2187 | D:3      | 2187 ||| RETREEEEATING.
  2188 | D:3      | 2188 ||| RETREEEEATING.
  2189 | D:3      | 2189 ||| RETREEEEATING.
  2190 | D:3      | 2190 ||| RETREEEEATING.
  2191 | D:3      | 2191 ||| RETREEEEATING.
  2200 | D:3      | Reached skill level 10 in Ranged Weapons
  2200 | D:3      | HP: 7/35 [gnoll sergeant/+4 trident of freezing (9)]
  2201 | D:3      | Slain by a gnoll sergeant

Levels and vault maps discovered:
D:1:      minmay_arrival_open_corners, layout_loops_cross, serial_bayou_pond_a
D:2:      layout_basic, uniq_jessica, uniq_natasha, uniq_sigmund
D:3:      lemuel_castle_with_subvaults [lemuel_castle_interior_carwin_2],
          layout_basic, mainiacjoe_overflow_surrounded_room,
          ebering_ecumenical_altar_mist

Skill      XL: |  1  2  3  4  5  6 |
---------------+-------------------+-----
Ranged Weapons | 8 9 10 | 10.0
Dodging        | 3 4 |  4.0
Fighting       | 2 |  2.0
Stealth        | |  1.2

Action                     |  1- 3 |  4- 6 || total
---------------------------+-------+-------++-------
   Fire: Shortbow          |    44 |   145 ||   189
    Use: Scroll            |     5 |     6 ||    11
 Armour: Leather armour    |    11 |    22 ||    33
  Dodge: Dodged            |     9 |    29 ||    38

Table legend:
 A = Non-vault XP
 B = Vault XP
 C = Vault XP percentage of total XP
 D = Non-vault monster count
 E = Vault monster count
 F = Vault count percentage of total count
                 A         B        C        D         E       F
            +---------+---------+-------+---------+---------+-------
      Total |     113 |     551 |  83.0 |      47 |      18 |  27.7
            +---------+---------+-------+---------+---------+-------
        D:1 |      20 |       0 |   0.0 |      13 |       0 |   0.0
        D:2 |      51 |     286 |  84.9 |      18 |       3 |  14.3
        D:3 |      42 |     265 |  86.3 |      16 |      15 |  48.4
            +---------+---------+-------+---------+---------+-------
